 Dungeon Crawl Stone Soup version 0.28.0-53-g5a82cb258f (webtiles) character file.

Game seed: 15964614741080235081

21 Logoto the Firebug (level 2, -1/20 HPs)
             Began as a Hill Orc Fire Elementalist on Aug 3, 2022.
             Slain by a quokka (4 damage)
             ... on level 2 of the Dungeon.
             The game lasted 00:02:08 (780 turns).

Logoto the Firebug (Hill Orc Fire Elementalist)      Turns: 780, Time: 00:02:08

Health: -1/20      AC:  4    Str: 10    XL:     2   Next: 83%
Magic:  2/4        EV: 12    Int: 15    God:
Gold:   26         SH:  5    Dex: 11    Spells: 1/4 levels left

rFire   . . .      SeeInvis .   e - +0 dagger
rCold   . . .      Faith    .   (no shield)
rNeg    . . .      Spirit   .   a - +0 robe
rPois   .          Reflect  +   (no helmet)
rElec   .          Harm     .   (no cloak)
rCorr   .          Rampage  .   d - +1 pair of gloves
Will    .....                   (no boots)
Stlth   ++........              f - amulet of reflection
HPRegen 0.06/turn               (no ring)
MPRegen 0.09/turn               (no ring)

@: no status effects
A: no striking features
a: no special abilities


You were on level 2 of the Dungeon.
You visited 1 branch of the dungeon, and saw 2 of its levels.

You collected 26 gold pieces.

Inventory:

Hand Weapons
 e - a +0 dagger (weapon)
Armour
 a - a +0 robe (worn)
 d - a +1 pair of gloves (worn)
Jewellery
 f - an amulet of reflection (around neck)
Scrolls
 b - a scroll of magic mapping {unknown}
Potions
 c - a potion of resistance {unknown}


   Skills:
 + Level 1.6 Dodging
 + Level 1.6 Stealth
 + Level 1.9 Spellcasting
 + Level 1.0 Conjurations
 + Level 4.0 Fire Magic


You had one spell level left.
You knew the following spells:

 Your Spells              Type           Power      Damage    Failure   Level
a - Foxfire               Conj/Fire      36%        2x1d5     8%          1
b - Scorch                Fire           26%        2d6       6%          2

Your spell library contained the following spells:

 Spells                   Type           Power      Damage    Failure   Level
 Conjure Flame            Conj/Fire      9%         6-21      24%         3
 Inner Flame              Hex/Fire       7%         N/A       28%         3
 Call Canine Familiar     Summ           1%         N/A       56%         3
 Portal Projectile        Hex/Tloc       2%         N/A       56%         3
 Flame Wave               Conj/Fire      9%         2d5       61%         4
 Leda's Liquefaction      Hex/Erth       0%         N/A       92%         4


Dungeon Overview and Level Annotations

Branches:
Dungeon (2/15)

Altars:


Message History

The quokka is moderately wounded.
The quokka barely misses you. The hobgoblin barely misses you.
You barely miss the quokka.
The quokka is moderately wounded.
The quokka bites you. You block the quokka's attack. The hobgoblin hits you.
You miss the quokka.
The quokka is moderately wounded.
You block the quokka's attack. The hobgoblin misses you.
You hit the quokka but do no damage.
The quokka is moderately wounded.
The quokka bites you but does no damage.
You block the hobgoblin's attack.
You closely miss the quokka.
The quokka is moderately wounded.
The quokka bites you but does no damage.
The hobgoblin misses you.
You barely miss the quokka.
The quokka is moderately wounded.
You block the quokka's attack.
The hobgoblin hits you but does no damage.
You barely miss the quokka.
The quokka is moderately wounded.
The quokka bites you. x2
* * * LOW HITPOINT WARNING * * *
You block the hobgoblin's attack.
Casting: Foxfire (safe; 8% risk of failure)
Confirm with . or Enter, or press ? or * to list all spells.
There is not enough space to conjure foxfire!
You barely miss the quokka.
The quokka is moderately wounded.
The quokka bites you.
* * * LOW HITPOINT WARNING * * *
You block the hobgoblin's attack.
You barely miss the quokka.
The quokka is moderately wounded.
You block the quokka's attack. The hobgoblin barely misses you.
You barely miss the quokka.
The quokka is moderately wounded.
The quokka bites you.
You die...

### ...
..# #.#
#.# #r###
#@gg#
###......
#...# ###


You could see a quokka and 2 hobgoblins.

Vanquished Creatures
  A ball python (D:1)
  An endoplasm (D:1)
  2 giant cockroaches (D:1)
  4 goblins (D:1)
  A hobgoblin (D:1)
  2 quokkas (D:1)
  A bat (D:1)
  3 frilled lizards (D:1)
  4 rats (D:1)
19 creatures vanquished.

Vanquished Creatures (others)
  25 foxfires (D:1)
25 creatures vanquished.

Grand Total: 44 creatures vanquished

Notes
Turn   | Place    | Note
-------+----------+-------------------------------------------
     0 | D:1      | Logoto the Hill Orc Fire Elementalist began the quest for
                  | the Orb.
     0 | D:1      | Reached XP level 1. HP: 14/14 MP: 3/3
   133 | D:1      | Reached XP level 2. HP: 7/20 MP: 0/4
   342 | D:1      | Learned a level 2 spell: Scorch
   684 | D:1      | Reached skill level 4 in Fire Magic
   762 | D:1      | Found a faded altar of an unknown god.
   780 | D:2      | Slain by a quokka

Illustrated notes

Levels and vault maps discovered:
D:1:      kilobyte_arrival_exit_the_forest, layout_rooms,
          hellmonk_ecumenical_altar_pennies_from_heaven
D:2:      layout_rooms, uniq_crazy_yiuf_cottage

Skill      XL: |  1  2 |
---------------+-------+-----
Fire Magic     | 4 |  4.0
Dodging        | |  1.6
Stealth        | |  1.6
Spellcasting   | |  1.9
Conjurations   | |  1.0

Action                   || total
-------------------------++-------
Melee: Unarmed           ||    17
       Dagger            ||    25
       Punch             ||     1
 Cast: Foxfire           ||    15
       Scorch            ||     4
Armor: Robe              ||    14
Dodge: Dodged            ||    47
Block: Other             ||    13
